 Dungeon Crawl Stone Soup version 0.21-a0-538-gd16b88a (webtiles) character file.

175 Amnesiac the Ducker (level 5, 0/36 HPs)
             Began as a Halfling Fighter on Dec 15, 2017.
             Slain by a leopard gecko (1 damage)
             ... on level 4 of the Dungeon.
             The game lasted 00:04:22 (1111 turns).

Amnesiac the Ducker (Halfling Fighter)              Turns: 1111, Time: 00:04:23

Health: 0/36       AC:  7    Str: 18    XL:     5   Next: 86%
Magic:  5/5        EV: 11    Int:  9    God:
Gold:   46         SH: 10    Dex: 14    Spells: 4/4 levels left

rFire    . . .     SeeInvis .   a - +2 rapier
rCold    . . .     Gourm    .   c - +0 shield
rNeg     . . .     Faith    .   b - +0 scale mail
rPois    .         Spirit   .   (no helmet)
rElec    .         Reflect  .   (no cloak)
rCorr    .         Harm     .   (no gloves)
MR       .....                  (no boots)
Stlth    ..........             (no amulet)
HPRegen  0.12/turn              m - +3 ring of intelligence
MPRegen  0.09/turn              (no ring)

@: lethally poisoned (0 -> -4)
A: small, mutation resistance 1
a: no special abilities


You were on level 4 of the Dungeon.
You were not hungry.

You visited 1 branch of the dungeon, and saw 4 of its levels.

You collected 46 gold pieces.

Inventory:

Hand Weapons
 a - a +2 rapier (weapon)
Missiles
 e - 15 stones (quivered)
 i - 13 poisoned needles
Armour
 b - a +0 scale mail (worn)
 c - a +0 shield (worn)
Jewellery
 m - a +3 ring of intelligence (left hand)
Scrolls
 j - a scroll of amnesia {!r}
 l - a scroll of blinking {!r}
Comestibles
 d - 2 chunks of flesh
 f - 2 bread rations
 g - a royal jelly
 h - 2 fruits


   Skills:
 + Level 3.4 Fighting
 - Level 2.4 Short Blades
 - Level 3.9 Armour
 - Level 3.9 Dodging
 - Level 3.9 Shields


You had 4 spell levels left.
You didn't know any spells.

Dungeon Overview and Level Annotations

Branches:
Dungeon (4/15)
 Temple: D:4-7

Altars:

Annotations:
D:3 Scuka's ghost, amateur BaFi; Terence


Innate Abilities, Weirdness & Mutations

You are small and have problems with some larger weapons.
You are somewhat resistant to further mutation.


Message History

The worker ant is almost dead.
You feel sick. The worker ant bites you.
You are more poisoned.
The worker ant poisons you!
You closely miss the worker ant.
The worker ant is almost dead.
You feel sick.
The worker ant bites you but does no damage.
You closely miss the worker ant.
The worker ant is almost dead.
* * * LOW HITPOINT WARNING * * *
You feel sick. The worker ant bites you.
* * * LOW HITPOINT WARNING * * *
You block the worker ant's attack.
You puncture the worker ant!
You kill the worker ant!
* * * LOW HITPOINT WARNING * * *
You feel sick.
You aren't carrying any potions.
* * * LOW HITPOINT WARNING * * *
You feel sick.
There is an open door here.
You see here a worker ant corpse.
You butcher the worker ant corpse.
* * * LOW HITPOINT WARNING * * *
You feel sick.
There is an open door here.
You see here a chunk of flesh.
* * * LOW HITPOINT WARNING * * *
You feel sick.
You see here a stone.
e - 15 stones (gained 1)
* * * LOW HITPOINT WARNING * * *
You feel sick.
* * * LOW HITPOINT WARNING * * *
You feel sick.
* * * LOW HITPOINT WARNING * * *
You feel sick.
* * * LOW HITPOINT WARNING * * *
You feel sick.
* * * LOW HITPOINT WARNING * * *
You feel sick.
You open the door.
* * * LOW HITPOINT WARNING * * *
You feel sick.
* * * LOW HITPOINT WARNING * * *
You feel sick.
There is an open door here.
* * * LOW HITPOINT WARNING * * *
You feel sick.
A leopard gecko comes into view.
You aren't carrying any items that you can evoke.
Okay, then.
You aren't carrying any potions.
Really read
k - a scroll of enchant weapon {!r}?
As you read the scroll of enchant weapon {!r}, it crumbles to dust.
Your +1 rapier glows red for a moment.
* * * LOW HITPOINT WARNING * * *
You feel sick.
You hit the leopard gecko.
The leopard gecko is severely wounded.
* * * LOW HITPOINT WARNING * * *
You feel sick. The leopard gecko bites you.
You die...

##..#....###.........#
#...#.#.# ##.......#
#.......# ##.....##
###.##### ##...## #.#
##'## #.. #.# .. #.#
####.## #..l@.#
#........# #.###...##
.. #...# #.... ..#.##
## .# .#


You could see a leopard gecko.

Vanquished Creatures
  A centaur (D:4)
  An orc priest (D:3)
  A worker ant (D:4)
  2 adders
  3 worms
  5 orcs (D:3)
  A ball python (D:4)
  A giant cockroach (D:1)
  3 hobgoblins
  A quokka (D:2)
  2 bats (D:2)
  A frilled lizard (D:2)
  2 rats (D:2)
24 creatures vanquished.

Notes
Turn   | Place    | Note
-------+----------+-------------------------------------------
     0 | D:1      | Amnesiac the Halfling Fighter began the quest for the Orb.
     0 | D:1      | Reached XP level 1. HP: 15/15 MP: 1/1
   124 | D:2      | Reached skill level 1 in Dodging
   144 | D:2      | Reached XP level 2. HP: 20/20 MP: 2/2
   394 | D:3      | Reached XP level 3. HP: 17/25 MP: 3/3
   560 | D:3      | Reached XP level 4. HP: 12/30 MP: 4/4
   742 | D:3      | Noticed Terence
   742 | D:3      | Noticed Scuka's ghost (amateur BaFi)
   766 | D:4      | Noticed a centaur
   775 | D:4      | Killed a centaur
   775 | D:4      | Reached XP level 5. HP: 13/36 MP: 5/5
  1109 | D:4      | HP: 1/36 [poisoned by a worker ant]
  1111 | D:4      | Slain by a leopard gecko

Vault maps used:
D:1:      lightli_arrival_statuegarden
D:2:      lemuel_blue_sif_altar, minmay_hexomino_u4
D:3:      grunt_temple_overflow_lords_of_destruction,
          nicolae_overflow_hidden_temple, uniq_terence
D:4:      dancing_weapons_uskayaw, fedhas_altar_2

Skill      XL: |  1  2  3  4 |
---------------+-------------+-----
Dodging        | 1 2 3 |  3.9
Fighting       | 3 |  3.4
Short Blades   | |  2.4
Armour         | |  3.9
Shields        | |  3.9

Action                   |  1- 3 |  4- 6 || total
-------------------------+-------+-------++-------
Melee: Rapier            |    70 |    35 ||   105
Throw: Stone             |     2 |     4 ||     6
  Use: Scroll            |     2 |     2 ||     4
       Potion            |     2 |       ||     2
  Eat: Chunk             |       |     1 ||     1
Armor: Scale mail        |    12 |     7 ||    19
Dodge: Dodged            |    22 |    10 ||    32
Block: Shield            |    25 |    12 ||    37

Table legend:
 A = Spawn XP
 B = Non-spawn XP
 C = Spawn XP percentage of total XP
 D = Spawn monster count
 E = Non-spawn monster count
 F = Spawn count percentage of total count
 G = Total turns spent on level
                    A         B        C        D         E        F      G
               +---------+---------+-------+---------+---------+-------+---------
         Total |       0 |     251 |   0.0 |       0 |      24 |   0.0 |  1111
               +---------+---------+-------+---------+---------+-------+---------
           D:1 |       0 |       9 |   0.0 |       0 |       3 |   0.0 |   280
           D:2 |       0 |      12 |   0.0 |       0 |       8 |   0.0 |   103
           D:3 |       0 |      74 |   0.0 |       0 |       8 |   0.0 |   383
           D:4 |       0 |     156 |   0.0 |       0 |       5 |   0.0 |   345
               +---------+---------+-------+---------+---------+-------+---------
